 Dungeon Crawl Stone Soup version 0.28-a0-932-g843f935a50 (webtiles) character file.

Game seed: 394747227992694764

53 croobank the Insei (level 3, -3/23 HPs)
             Began as an Octopode Transmuter on Nov 28, 2021.
             Slain by an adder (4 damage)
             ... on level 2 of the Dungeon.
             The game lasted 00:03:31 (1553 turns).

croobank the Insei (Octopode Transmuter)            Turns: 1553, Time: 00:03:32

Health: -3/23      AC:  1    Str: 10    XL:     3   Next: 87%
Magic:  6/6        EV: 13    Int: 15    God:
Gold:   27         SH:  0    Dex: 12    Spells: 0/6 levels left

rFire   . . .      SeeInvis .   d - +0 war axe
rCold   . . .      Faith    .   (no shield)
rNeg    . . .      Spirit   .   (helmet restricted)
rPois   .          Reflect  .   (no amulet)
rElec   .          Harm     .   (no ring)
rCorr   .          Rampage  .   (no ring)
Will    .....                   (no ring)
Stlth   +++.......              (no ring)
HPRegen 0.07/turn               (no ring)
MPRegen 0.10/turn               (no ring)
                                (no ring)
                                (no ring)

@: lethally poisoned (-3 -> -6)
A: almost no armour, amphibious, 8 rings, camouflage 1, gelatinous body 1,
(nimble swimmer 1), tentacles
a: no special abilities


You were on level 2 of the Dungeon.
You visited 1 branch of the dungeon, and saw 2 of its levels.

You collected 27 gold pieces.

Inventory:

Hand Weapons
 c - a +0 hand axe
 d - a +0 war axe (weapon)
 f - a +0 rapier
Missiles
 a - 13 arrows
Scrolls
 e - a scroll of teleportation {unknown}
 g - a scroll of magic mapping {unknown}
Potions
 b - a potion of magic


   Skills:
 - Level 1.2 Fighting
 - Level 0.7 Axes
 - Level 2.2 Dodging
 - Level 1.1 Stealth
 - Level 3.4 Unarmed Combat
 + Level 2.4 Spellcasting
 - Level 2.3 Transmutations
 * Level 0.4 Poison Magic


You couldn't memorise any spells.
You knew the following spells:

 Your Spells              Type           Power      Damage    Failure   Level
a - Beastly Appendage     Tmut           16%        N/A       9%          1
b - Wereblood             Tmut           8%         N/A       12%         2
c - Spider Form           Tmut/Pois      6%         N/A       34%         3

Your spell library contained the following spells:

 Spells                   Type           Power      Damage    Failure   Level
 Ignite Poison            Fire/Tmut/Pois 4%         N/A       41%         3
 Mephitic Cloud           Conj/Pois/Air  2%         N/A       52%         3
 Ice Form                 Ice/Tmut       5%         N/A       78%         4
 Freezing Cloud           Conj/Ice/Air   0%         6-21      99%         5
 Dispersal                Tloc           0%         N/A       100%        6
 Disjunction              Tloc           0%         N/A       100%        8


Dungeon Overview and Level Annotations

Branches:
Dungeon (2/15)

Altars:


Innate Abilities, Weirdness & Mutations

You cannot wear most types of armour.
You are amphibious.
You can wear up to eight rings at the same time.
Your skin changes colour to match your surroundings (Stealth+).
Your rubbery body absorbs attacks. (AC +1, EV +1)
((You are camouflaged near water. (Stealth+)))
You have tentacles for arms and can constrict up to eight enemies at once.


Message History

You constrict the hobgoblin, but do no damage.
The hobgoblin closely misses you. The hobgoblin hits you.
You hit the hobgoblin but do no damage.
Your tentacle spike disappears.
You constrict the hobgoblin, but do no damage.
An adder comes into view.
The hobgoblin closely misses you.
The adder hisses angrily.
You slash the hobgoblin!
You kill the hobgoblin!
You hit the adder. Your grab misses the adder.
The adder is moderately wounded.
The adder barely misses you.
You barely miss the adder. Your grab misses the adder. You squeeze the adder.
The adder is almost dead.
The adder bites you.
You are poisoned.
The adder poisons you! The adder closely misses you.
You barely miss the adder. Your grab misses the adder.
Your squeeze misses the adder.
The adder is severely wounded.
You feel sick. The adder barely misses you. x2
You closely miss the adder. Your grab misses the adder.
The adder is severely wounded.
You feel sick. The adder bites you. The adder misses you.
You barely miss the adder. Your grab misses the adder.
The adder is severely wounded.
You feel sick. The adder bites you.
* * * LOW HITPOINT WARNING * * *
You are lethally poisoned!
The adder poisons you! The adder barely misses you.
Okay, then.
Okay, then.
* * * LOW HITPOINT WARNING * * *
You feel sick.
You barely miss the adder. Your grab misses the adder.
The adder is severely wounded.
* * * LOW HITPOINT WARNING * * *
You feel sick. The adder bites you.
You die...

#.#..... #.#..#># .......
###.##.# #........
#.##.#... #
#######.##.#...
#####.#####........#.....
......†S@...#.# #..#.##..
#####.######.# #..#.#..
.. #.# #....... ..# #.##
##....### ## ##.###..#.##
#########...###.#
#.......##...##.#
#.......#.....#.####
#.......##.#.##.#...


You could see an adder.

Vanquished Creatures
  A bullfrog skeleton (D:2)
  A worm (D:2)
  8 ball pythons
  2 bats
  An endoplasm (D:2)
  A giant cockroach (D:2)
  A hobgoblin (D:2)
  A quokka (D:1)
  3 rats
19 creatures vanquished.

Notes
Turn   | Place    | Note
-------+----------+-------------------------------------------
     0 | D:1      | croobank the Octopode Transmuter began the quest for the
                  | Orb.
     0 | D:1      | Reached XP level 1. HP: 13/13 MP: 3/3
  1136 | D:2      | Reached XP level 2. HP: 18/18 MP: 3/5
  1408 | D:2      | Reached skill level 1 in Stealth
  1408 | D:2      | Reached XP level 3. HP: 21/23 MP: 4/6
  1411 | D:2      | Learned a level 2 spell: Wereblood
  1415 | D:2      | Learned a level 3 spell: Spider Form
  1553 | D:2      | HP: 1/23 [poisoned by an adder]
  1553 | D:2      | Slain by an adder

Illustrated notes

Levels and vault maps discovered:
D:1:      sevenhm_arrival_forest_fort_small_5, layout_loops_corners,
          nicolae_figureground_pulse
D:2:      layout_loops_cross

Skill      XL: |  1  2 |
---------------+-------+-----
Stealth        | 1 |  1.1
Fighting       | |  1.2
Axes           | |  0.7
Dodging        | |  2.2
Unarmed Combat | |  3.4
Spellcasting   | |  2.4
Transmutations | |  2.3
Poison Magic   | |  0.4

Action                   || total
-------------------------++-------
Melee: Hand axe          ||    10
       Constrict         ||    10
       War axe           ||    34
       Kick              ||     6
       Tentacles         ||     4
       Punch             ||     1
 Cast: Beastly Appendage ||    12
  Use: Scroll            ||     1
 Stab: Sleeping          ||     2
Armor: Skin              ||     5
Dodge: Dodged            ||    42

Table legend: (Time is in decaauts)
 A = Elapsed time spent in this place.
 B = Non-inter-level travel time spent in this place.
 C = Inter-level travel time spent in this place.
 D = Time resting spent in this place.
 E = Time spent auto-exploring this place.
 F = Levels seen in this place.
 G = Mean time per level.
                   A        B        C        D        E       F      G
               +--------+--------+--------+--------+--------+-----+--------+
         Total |   1570 |   1547 |     23 |     74 |   1266 |   2 |  785.0 |
       Dungeon |   1570 |   1547 |     23 |     74 |   1266 |   2 |  785.0 |
               +--------+--------+--------+--------+--------+-----+--------+

Top non-repeatable levels by time:
     D:1: 1133 daAuts
     D:2: 437 daAuts
